 Dungeon Crawl Stone Soup version 0.28-a0-1184-g53156a8862 (webtiles) character file.

Game seed: 14715861363471983739

107 Snarg the Cudgeller (level 4, 0/36 HPs)
             Began as a Demigod Wanderer on Dec 18, 2021.
             Succumbed to Jessica's poison
             ... on level 2 of the Dungeon.
             The game lasted 00:10:03 (3517 turns).

Snarg the Cudgeller (Demigod Wanderer)              Turns: 3517, Time: 00:10:03

Health: 0/36       AC:  6    Str: 18    XL:     4   Next: 32%
Magic:  8/8        EV: 10    Int: 14    God:
Gold:   109        SH:  0    Dex: 12    Spells: 4/5 levels left

rFire   . . .      SeeInvis .   b - +0 whip (venom)
rCold   . . .      Faith    .   (no shield)
rNeg    + . .      Spirit   .   i - +0 ring mail
rPois   .          Reflect  .   (no helmet)
rElec   .          Harm     .   (no cloak)
rCorr   .          Rampage  .   (no gloves)
Will    .....                   f - +0 pair of boots
Stlth   +.........              h - amulet of magic regeneration
HPRegen 0.12/turn               c - ring of positive energy
MPRegen 0.51/turn               (no ring)

@: lethally poisoned (0 -> -10), about to teleport, flying
A: high mp 1, forlorn, divine attributes
a: no special abilities


You were on level 2 of the Dungeon.
You visited 1 branch of the dungeon, and saw 3 of its levels.

You collected 109 gold pieces.

Inventory:

Hand Weapons
 a - a +2 mace
 b - a +0 whip of venom (weapon)
 k - a +3 dagger
Missiles
 e - 74 stones
 n - 12 poisoned darts (quivered)
Armour
 d - a +0 robe
 f - a +0 pair of boots (worn)
 i - a +0 ring mail (worn)
Jewellery
 c - a ring of positive energy (left hand)
 h - an amulet of magic regeneration (around neck)
Scrolls
 l - a scroll of magic mapping {unknown}
 o - a scroll of acquirement
 p - a scroll of blinking {unknown}


   Skills:
 - Level 2.0 Fighting
 + Level 3.0 Maces & Flails
 - Level 2.0 Throwing
 * Level 0.2 Armour
 * Level 0.7 Dodging
 + Level 2.4 Stealth
 - Level 1.0 Spellcasting
 + Level 2.3 Translocations


You had 4 spell levels left.
You knew the following spells:

 Your Spells              Type           Power      Damage    Failure   Level
a - Apportation           Tloc           14%        N/A       19%         1

Your spell library contained the following spells:

 Spells                   Type           Power      Damage    Failure   Level
 Teleport Other           Tloc           7%         N/A       50%         3
 Animate Armour           Summ/Erth      0%         N/A       99%         4
 Blade Hands              Tmut           0%         N/A       100%        5
 Iron Shot                Conj/Erth      0%         9d1       100%        6


Dungeon Overview and Level Annotations

Branches:
Dungeon (3/15)

Annotations:
D:1 clr
D:2 clr, Jessica


Innate Abilities, Weirdness & Mutations

You have an increased reservoir of magic. (+10% MP)
You shall have no god before yourself.
Your divine heritage dramatically boosts your attributes as you level up.


Message History

There is a stone staircase leading up here.
You completely miss Jessica.
You feel very sick.
Jessica hits you with a +2 dagger of venom.
You are more poisoned.
Unknown command.
Unknown command.
Unknown command.
It was a potion of flight.
You feel very buoyant.
You fly up into the air.
You feel very sick. Jessica hits you but does no damage.
You are more poisoned.
Jessica points at you and mumbles some strange words.
Pain shoots through your body!
Unknown command.
It was a potion of magic.
Magic courses through your body.
You feel very sick. Jessica gestures at you while chanting.
Pain shoots through your body! The gnoll barely misses you.
Unknown command.
Unknown command.
* * * LOW HITPOINT WARNING * * *
You feel very sick.
You kill the gnoll!
Jessica hits you with a +2 dagger of venom.
* * * LOW HITPOINT WARNING * * *
Jessica barely misses you.
Your Maces & Flails skill increases to level 3!
You fly upwards.
Level annotation: clr
* * * LOW HITPOINT WARNING * * *
You feel very sick.
There is a stone staircase leading down, spattered with blood here.
Unknown command.
Unknown command.
As you read the scroll labelled DUIWYL JIYG, it crumbles to dust.
You feel strangely unstable.
It was a scroll of teleportation.
You die...

#....# #..#.# #.#
##.#######[#.# #.#
######.........#.#
#.############
.................#
#.............
.#####...........#
#############. .#
#...........#
#.........#. .#
#...........#
#.........#.
.##############.)#
#..#####..#.
...............@@#
#..†.# #..#.
######.......#####
##.#.######.
#.......#
#.#.#......
##.###.##
#.#.#.####. #.#
#.# #.#......#.
#.# #.#
#.###.##.## #.#
#.# #.....##.# #.#
#.# ########.# #.#
#.# #.#


You could see Jessica (fast).

Vanquished Creatures
  3 gnolls
  4 adders
  2 worms (D:2)
  5 endoplasms
  A giant cockroach (D:2)
  4 goblins
  2 hobgoblins
  6 kobolds
  2 quokkas (D:2)
  3 ball pythons
  6 bats
  2 rats
40 creatures vanquished.

Notes
Turn   | Place    | Note
-------+----------+-------------------------------------------
     0 | D:1      | Snarg the Demigod Wanderer began the quest for the Orb.
     0 | D:1      | Snarg set off with the following items: a +2 mace, 9
                  | poisoned darts, a +0 dagger, a +0 robe; and the following
                  | spell memorised: Apportation; and the following spells
                  | available to memorise: Teleport Other
     0 | D:1      | Reached XP level 1. HP: 17/17 MP: 4/4
   769 | D:1      | Reached skill level 2 in Maces & Flails
   952 | D:1      | Reached XP level 2. HP: 24/24 MP: 5/5
  1978 | D:2      | Reached XP level 3. HP: 25/29 MP: 6/6
  2338 | D:3      | Identified a scroll of acquirement
  2781 | D:3      | Noticed Jessica
  3158 | D:2      | Reached XP level 4. HP: 10/36 MP: 8/8
  3516 | D:3      | Reached skill level 3 in Maces & Flails
  3517 | D:2      | Succumbed to Jessica's poison

Illustrated notes

Levels and vault maps discovered:
D:1:      grunt_arrival_crossed_arrows, layout_loops_corners, serial_forest,
          infiniplex_forest_end_double, infiniplex_forest_lined_2,
          infiniplex_forest_straight_4, infiniplex_forest_zigzag_1,
          infiniplex_forest_zigzag_1, infiniplex_forest_lined_3,
          infiniplex_forest_end_2, infiniplex_forest_end_2,
          infiniplex_forest_clump_double, minivault_27
D:2:      layout_basic
D:3:      layout_loops_ring, fedhas_altar_fruit_tree, supply_closet_lemuel,
          uniq_jessica, uniq_crazy_yiuf_cottage

Skill      XL: |  1  2  3  4 |
---------------+-------------+-----
Fighting       | 2 |  2.0
Maces & Flails | 2 3 |  3.0
Translocations | 2 |  2.3
Throwing       | 2 |  2.0
Stealth        | 2 |  2.4
Armour         | |  0.2
Dodging        | |  0.7
Spellcasting   | |  1.0

Action                   |  1- 3 |  4- 6 || total
-------------------------+-------+-------++-------
Melee: Mace              |    44 |       ||    44
       Whip              |    41 |     5 ||    46
Throw: Stone             |     2 |       ||     2
       Dart              |    29 |     5 ||    34
  Use: Scroll            |     2 |     1 ||     3
       Potion            |       |     2 ||     2
 Stab: Sleeping          |     9 |       ||     9
Armor: Robe              |    21 |       ||    21
       Ring mail         |       |     3 ||     3
Dodge: Dodged            |    52 |     3 ||    55

Table legend: (Time is in decaauts)
 A = Elapsed time spent in this place.
 B = Non-inter-level travel time spent in this place.
 C = Inter-level travel time spent in this place.
 D = Time resting spent in this place.
 E = Time spent auto-exploring this place.
 F = Levels seen in this place.
 G = Mean time per level.
                   A        B        C        D        E       F      G
               +--------+--------+--------+--------+--------+-----+--------+
         Total |   3530 |   3385 |    145 |    653 |   2190 |   3 | 1176.7 |
       Dungeon |   3530 |   3385 |    145 |    653 |   2190 |   3 | 1176.7 |
               +--------+--------+--------+--------+--------+-----+--------+

Top non-repeatable levels by time:
     D:2: 1606 daAuts
     D:1: 1388 daAuts
     D:3: 535 daAuts
